 Dungeon Crawl Stone Soup version 0.30-a0-305-g026cb31310 (webtiles) character file.

Game seed: 18312734640506503303

9 Flugkiller the Vexing (level 2, 0/18 HPs)
             Began as an Octopode Hexslinger on Oct 21, 2022.
             Slain by a quokka (3 damage)
             ... on level 1 of the Dungeon.
             The game lasted 00:00:56 (293 turns).

Flugkiller the Vexing (Octopode Hexslinger)          Turns: 293, Time: 00:00:56

Health: 0/18       AC:  1    Str:  9    XL:     2   Next: 16%
Magic:  1/3        EV: 13    Int: 15    God:
Gold:   25         SH:  0    Dex: 12    Spells: 2/3 levels left

rFire   . . .      SeeInvis .    a - +1 sling
rCold   . . .      Faith    .    (no shield)
rNeg    . . .      Spirit   .    (helmet restricted)
rPois   .          Reflect  .    (no amulet)
rElec   .          Harm     .    (no ring)
rCorr   .          Rampage  .    (no ring)
Will    .....                    (no ring)
Stlth   +++.......               (no ring)
HPRegen 0.23/turn                (no ring)
MPRegen 0.08/turn                (no ring)
                                 (no ring)
                                 (no ring)

@: no status effects
A: almost no armour, amphibious, 8 rings, camouflage 1, gelatinous body 1,
(nimble swimmer 1), tentacles
a: no special abilities


You were on level 1 of the Dungeon.
You visited 1 branch of the dungeon, and saw 1 of its levels.

You collected 25 gold pieces.

Inventory:

Hand Weapons
 a - a +1 sling (weapon)
 f - a +0 short sword
   (You took it off a kobold on level 1 of the Dungeon)
Scrolls
 b - a scroll of poison
 i - a scroll of vulnerability {unknown}
Potions
 e - a potion of attraction {unknown}
 g - a potion of might {unknown}
 h - a potion of curing {unknown}


   Skills:
 - Level 1.0 Fighting
 - Level 2.0 Ranged Weapons
 - Level 2.0 Dodging
 - Level 2.0 Stealth
 - Level 1.0 Spellcasting
 + Level 3.2 Hexes


You had 2 spell levels left.
You knew the following spells:

 Your Spells              Type           Power      Damage    Failure   Level
a - Slow                  Hex            40%        N/A       6%          1

Your spell library contained the following spells:

 Spells                   Type           Power      Damage    Failure   Level
 Inner Flame              Hex/Fire       5%         N/A       36%         3
 Portal Projectile        Hex/Tloc       10%        N/A       36%         3
 Cause Fear               Hex            5%         N/A       54%         4


Dungeon Overview and Level Annotations

Branches:
Dungeon (1/15) Zot: 5699

Altars:


Innate Abilities, Weirdness & Mutations

You cannot wear most types of armour.
You are amphibious.
You can wear up to eight rings at the same time.
Your skin changes colour to match your surroundings (Stealth+).
Your rubbery body absorbs attacks. (AC +1, EV +1)
((You are camouflaged when in or above water. (Stealth+)))
You have tentacles for arms and can constrict up to eight enemies at once.


Message History

Confirm with . or Enter, or press ? or * to list all spells.
Aiming: Slow (safe; 7% risk of failure)
Press: ? - help, Shift-Dir - straight line, f - bat
Aim: a bat (asleep, chance to affect: 62%)
The bat resists with significant effort.
No target in view!
No target in view!
Found a scroll labelled BUCOAMN YPRO.
The bat barely misses you.
You shoot a sling bullet. The sling bullet hits the bat.
You kill the bat!
No target in view!
No target in view!
A rat comes into view.
A rat is nearby!
Casting: Slow (safe; 7% risk of failure)
Confirm with . or Enter, or press ? or * to list all spells.
Aiming: Slow (safe; 7% risk of failure)
Press: ? - help, Shift-Dir - straight line, f - rat
Aim: a rat (asleep, chance to affect: 62%)
The rat seems to slow down.
You shoot a sling bullet.
The sling bullet closely misses the rat.
You shoot a sling bullet. The sling bullet hits the rat.
You kill the rat!
No target in view!
Found a scale mail.
i - a scroll labelled BUCOAMN YPRO A dart slug and a quokka come into view.
Found 9 gold pieces.
There are monsters nearby!
You shoot a sling bullet. The sling bullet hits the dart slug.
The dart slug is lightly wounded.
A quokka comes into view.
You shoot a sling bullet. The sling bullet hits the quokka.
The quokka is heavily wounded.
You shoot a sling bullet. The sling bullet hits the quokka.
The quokka is severely wounded.
You shoot a sling bullet.
The sling bullet closely misses the quokka.
The quokka misses you. The quokka closely misses you. The quokka bites you.
The quokka attacks as you move away! The quokka bites you.
The quokka bites you. The quokka attacks as you move away!
The quokka bites you. The quokka attacks as you move away!
The quokka completely misses you. The quokka attacks as you move away!
The quokka bites you. The quokka attacks as you move away!
The quokka barely misses you. The quokka misses you.
The quokka attacks as you move away! The quokka misses you.
Casting: Slow (safe; 7% risk of failure)
Confirm with . or Enter, or press ? or * to list all spells.
Aiming: Slow (safe; 7% risk of failure)
Press: ? - help, Shift-Dir - straight line, f - quokka
Aim: a quokka (chance to affect: 62%)
The quokka resists with significant effort.
The quokka closely misses you. The quokka attacks as you move away!
The quokka barely misses you.
Okay, then.
It was a potion of magic.
Magic courses through your body. The quokka misses you.
Aiming: Slow (safe; 7% risk of failure)
Press: ? - help, Q - select action, (/) - cycle Shift-Dir - straight line, f/p - quokka
Aim: a quokka (chance to affect: 62%)
The quokka seems to slow down.
The quokka closely misses you.
Aiming: Slow (safe; 7% risk of failure)
Press: ? - help, Q - select action, (/) - cycle Shift-Dir - straight line, f/p - quokka
Aim: a quokka (slow, chance to affect: 62%)
The quokka seems to slow down.
The quokka closely misses you.
Fire: a) +1 sling
Press: ? - help, Q - select action, (/) - cycle Shift-Dir - straight line, f/p - quokka
Aim: a quokka (slow, 43% to hit)
You shoot a sling bullet. The sling bullet hits the quokka.
The quokka is heavily wounded.
The quokka bites you.
Fire: a) +1 sling
Press: ? - help, Q - select action, (/) - cycle Shift-Dir - straight line, f/p - quokka
Aim: a quokka (heavily wounded, slow, 43% to hit)
You shoot a sling bullet.
The sling bullet barely misses the quokka.
The sling bullet misses the quokka.
The quokka bites you.
* * * LOW HITPOINT WARNING * * *
Fire: a) +1 sling
Press: ? - help, Q - select action, (/) - cycle Shift-Dir - straight line, f/p - quokka
Aim: a quokka (heavily wounded, slow, 43% to hit)
You shoot a sling bullet.
The sling bullet closely misses the quokka.
The sling bullet closely misses the quokka.
The quokka closely misses you.
Fire: a) +1 sling
Press: ? - help, Q - select action, (/) - cycle Shift-Dir - straight line, f/p - quokka
Aim: a quokka (heavily wounded, slow, 43% to hit)
You shoot a sling bullet. The sling bullet hits the quokka.
You kill the quokka!
The quokka closely misses you.
As you read the scroll labelled VORAEN PONA, it crumbles to dust.
The creatures around you are filled with an inner flame!
It was a scroll of immolation.
The quokka bites you.
You die...

#. #.#..#.###...####
#.###.#..##.#....###.
#........###......##.
###.#.#..........###.
#.....#######.## #.
#.....# #.# #.
#.....# #.# #.
#.##..# #+# #.
#.@r..# ## ####w##
#######..#
#........#### #
#...#...w...+ +
..[.......#### #
.#####†#..# #....#
.$.#..##


You could see a dart slug (inner flame) and a quokka (inner flame).

Vanquished Creatures
  A dart slug (D:1)
  2 ball pythons (D:1)
  A quokka (D:1)
  A bat (D:1)
  2 kobolds (D:1)
  A rat (D:1)
8 creatures vanquished.

Notes
Turn   | Place    | Note
-------+----------+-------------------------------------------
     0 | D:1      | Flugkiller the Octopode Hexslinger began the quest for the
                  | Orb.
     0 | D:1      | Reached XP level 1. HP: 13/13 MP: 2/2
    78 | D:1      | Reached skill level 1 in Stealth
   192 | D:1      | Reached XP level 2. HP: 18/18 MP: 3/3
   293 | D:1      | Slain by a quokka

Illustrated notes

Levels and vault maps discovered:
D:1:      mrwooster_arrival_arrow, layout_loops_corners, minmay_distorted

Skill      XL: |  1 |
---------------+----+-----
Stealth        | 2 |  2.0
Fighting       | |  1.0
Ranged Weapons | |  2.0
Dodging        | |  2.0
Spellcasting   | |  1.0
Hexes          | |  3.2

Action                   || total
-------------------------++-------
 Fire: Sling             ||    22
 Cast: Slow              ||     5
  Use: Scroll            ||     1
       Potion            ||     1
Dodge: Dodged            ||    14

Table legend: (Time is in decaauts)
 A = Elapsed time spent in this place.
 B = Non-inter-level travel time spent in this place.
 C = Inter-level travel time spent in this place.
 D = Time resting spent in this place.
 E = Time spent auto-exploring this place.
 F = Levels seen in this place.
 G = Mean time per level.
                   A        B        C        D        E       F      G
               +--------+--------+--------+--------+--------+-----+--------+
         Total |    299 |    299 |      0 |      0 |    223 |   1 |  299.0 |
       Dungeon |    299 |    299 |      0 |      0 |    223 |   1 |  299.0 |
               +--------+--------+--------+--------+--------+-----+--------+

Top non-repeatable levels by time:
     D:1: 299 daAuts
